 Dungeon Crawl Stone Soup version 0.27.0-1-g7a089689b8 (webtiles) character file.

Game seed: 4415246244663580005

468 shadowrider38 the Cleaver (level 6, 0/78 HPs)
             Began as a Minotaur Berserker on Aug 1, 2021.
             Was a Believer of Trog.
             Succumbed to a killer bee's poison
             ... on level 4 of the Dungeon.
             The game lasted 00:03:23 (2385 turns).

shadowrider38 the Cleaver (Minotaur Berserker)      Turns: 2385, Time: 00:03:24

Health: 0/78       AC:  8    Str: 23    XL:     6   Next: 81%
Magic:  5/5        EV:  8    Int:  4    God:    Trog [**....]
Gold:   74         SH:  5    Dex: 10    Spells: 5/5 levels left

rFire    . . .     SeeInvis .   a - +0 hand axe
rCold    . . .     Faith    .   (no shield)
rNeg     . . .     Spirit   .   e - +0 chain mail
rPois    .         Reflect  +   (helmet restricted)
rElec    .         Harm     .   h - scarf {repulsion}
rCorr    .         Rampage  .   (no gloves)
Will     .....                  (no boots)
Stlth    ..........             d - amulet of reflection
HPRegen  0.23/turn              (no ring)
MPRegen  0.09/turn              (no ring)

@: berserking, lethally poisoned (0 -> -21), repel missiles, very quick
A: horns 2, retaliatory headbutt
a: Renounce Religion, Berserk, Trog's Hand


You were on level 4 of the Dungeon.
You worshipped Trog.
Trog was pleased with you.
You visited 1 branch of the dungeon, and saw 4 of its levels.

You collected 74 gold pieces.

Inventory:

Hand Weapons
 a - a +0 hand axe (weapon)
Armour
 e - a +0 chain mail (worn)
 h - a scarf of repulsion (worn)
Jewellery
 d - an amulet of reflection (around neck)
Scrolls
 c - 3 scrolls of amnesia {unknown}
 f - 3 scrolls of identify {unknown}
 j - a scroll of enchant armour {unknown}
Potions
 b - 2 potions of curing {unknown}
 g - a potion of mutation {unknown}
 i - a potion of degeneration {unknown}


   Skills:
 - Level 3.9 Fighting
 + Level 9.1 Axes
 - Level 2.4 Armour
 - Level 2.2 Dodging
 - Level 1.0 Shields


You had 5 spell levels left.
You didn't know any spells.
Your spell library was empty.

Dungeon Overview and Level Annotations

Branches:
Dungeon (4/15)
 Temple: D:4-7

Altars:


Innate Abilities, Weirdness & Mutations

You have a pair of horns on your head.
You reflexively headbutt those who attack you in melee.


Message History

You kill the killer bee!
Trog accepts your kill.
You miss the killer bee. You hit the killer bee.
* * * LOW HITPOINT WARNING * * *
You feel very sick. The killer bee stings you.
* * * LOW HITPOINT WARNING * * *
The killer bee stings you.
* * * LOW HITPOINT WARNING * * *
You closely miss the killer bee. Your headbutt misses the killer bee.
The killer bee is heavily wounded.
Your chain mail prevents you from hitting the killer bee.
You hear the brisk rusting of a very distant drain.
* * * LOW HITPOINT WARNING * * *
You feel very sick. The killer bee stings you.
* * * LOW HITPOINT WARNING * * *
The killer bee stings you but does no damage.
You are too berserk!
You closely miss the killer bee. Your headbutt misses the killer bee.
The killer bee is heavily wounded.
You hit the killer bee.
* * * LOW HITPOINT WARNING * * *
You feel very sick. The killer bee stings you.
* * * LOW HITPOINT WARNING * * *
The killer bee completely misses you. You furiously retaliate!
You headbutt the killer bee!
You kill the killer bee!
Trog accepts your kill.
Your Axes skill increases to level 9!
Okay, then.
Unknown command.
You slash the killer bee!
The killer bee is almost dead.
You slash the dart slug!
You feel the power of Trog in you as your rage grows.
You kill the dart slug!
Trog accepts your kill.
You die...

.. #..##...... ....
.......#$.## ##....
.......... #...# #
........ ## ...# ..#
#..... #... ...#
≈...##...##...≈≈ ...#
≈≈......†....≈≈≈ ...#
##.y@## ...##
###.....###
....#######.........####
........................
....##########.†........
###............#########
##############


You could see a killer bee.

Vanquished Creatures
  Menkaure (D:4)
  Purgy (D:3)
  4 killer bees (D:4)
  A gnoll (D:3)
  3 adders (D:4)
  A dart slug (D:4)
  4 endoplasms
  3 giant cockroaches
  4 goblins
  4 hobgoblins
  7 jackals
  A quokka (D:1)
  5 ball pythons
  3 bats
  A frilled lizard (D:2)
  A kobold (D:4)
  2 rats
46 creatures vanquished.

Vanquished Creatures (others)
  8 toadstools (D:3)
8 creatures vanquished.

Grand Total: 54 creatures vanquished

Notes
Turn   | Place    | Note
-------+----------+-------------------------------------------
     0 | D:1      | shadowrider38 the Minotaur Berserker began the quest for
                  | the Orb.
     0 | D:1      | Reached XP level 1. HP: 19/19 MP: 0/0
   353 | D:1      | Reached skill level 4 in Axes
   353 | D:1      | Reached XP level 2. HP: 27/27 MP: 1/1
  1572 | D:2      | Found a faded altar of an unknown god.
  1851 | D:3      | Noticed Purgy
  1860 | D:3      | Killed Purgy
  1861 | D:3      | Reached skill level 6 in Axes
  1861 | D:3      | Reached skill level 1 in Shields
  1861 | D:3      | Reached XP level 3. HP: 33/33 MP: 2/2
  1861 | D:3      | Reached XP level 4. HP: 40/40 MP: 3/3
  1942 | D:4      | Reached ** piety under Trog
  1946 | D:4      | Noticed Menkaure
  1950 | D:4      | Reached XP level 5. HP: 29/46 MP: 4/4
  2134 | D:4      | Killed Menkaure
  2135 | D:4      | Reached skill level 7 in Axes
  2135 | D:4      | Reached XP level 6. HP: 52/52 MP: 5/5
  2344 | D:4      | Reached skill level 8 in Axes
  2384 | D:4      | HP: 3/78 [killer bee (4)]
  2385 | D:4      | Reached skill level 9 in Axes
  2385 | D:4      | Succumbed to a killer bee's poison

Illustrated notes

Levels and vault maps discovered:
D:1:      lemuel_arrival_muddy, layout_basic
D:2:      layout_basic, shapermc_ecumenical_altar_mp_vishouse
D:3:      cheibrodos_fertilizer, layout_basic,
          mainiacjoe_overflow_six_doors_small, old_standard_altar,
          minmay_misc_feat_iff, uniq_purgy
D:4:      layout_cave_pools, gup_sewer_entry_bubbles, minmay_fire_ice_demons,
          uniq_menkaure

Skill      XL: |  1  2  3  4  5  6 |
---------------+-------------------+-----
Axes           | 4 6 7 9 |  9.1
Shields        | 1 |  1.0
Fighting       | |  3.9
Armour         | |  2.4
Dodging        | |  2.2

Action                   |  1- 3 |  4- 6 || total
-------------------------+-------+-------++-------
Melee: Hand axe          |    47 |    43 ||    90
       Headbutt          |     4 |     5 ||     9
Invok: Berserk           |     1 |     3 ||     4
Armor: Animal skin       |     4 |       ||     4
       Chain mail        |    14 |    19 ||    33
Dodge: Dodged            |    20 |    15 ||    35
Block: Other             |    11 |    16 ||    27
